[Event "Titled Tuesday Blitz August 22 Early 2023"]
[White "Arabidze, Meri"]
[Black "Osinovsky, Stepan"]
[WhiteFideId "13604040"]
[BlackFideId "4157354"]
[WhiteElo "2591"]
[BlackElo "2291"]
[Result "0-1"]
[Round "1"]
[TimeControl "180+1"]
[Date "2023.08.22"]
[WhiteClock "0:00:04"]
[BlackClock "0:00:05"]
[Board "182"]

1. c4 Nf6 2. Nc3 g6 3. e4 d6 4. d4 Bg7 5. f4 O-O 6. Nf3 c5 7. d5 e6 8. Bd3 exd5 9. cxd5 b5 10. O-O c4 11. Bc2 b4 12. Ne2 Re8 13. Ng3 Nbd7 14. Re1 Ng4 15. Qe2 Qb6+ 16. Kf1 Nc5 17. h3 b3 18. hxg4 bxc2 19. Qxc2 Bxg4 20. Be3 Qxb2 21. Qxc4 Rac8 22. Rab1 Qa3 23. Bxc5 Rxc5 24. Qb3 Qa6+ 25. Kg1 Bxf3 26. Qxf3 Qxa2 27. e5 Qxd5 28. exd6 Bd4+ 29. Kh2 Rxe1 30. Rxe1 Qxf3 31. Re8+ Kg7 32. gxf3 Rd5 33. Ne4 h5 34. Re7 Bc5 35. Rd7 Be3 36. Kg3 h4+ 37. Kxh4 Bxf4 38. Kh3 g5 39. Rxa7 Kg6 40. d7 f5 41. Nc5 Rd2 42. Ra6+ Kh5 43. Ra2 Rxa2 44. d8=Q Rh2# 0-1


[Site "https://www.chess.com"]

[Event "Titled Tuesday Blitz August 22 Early 2023"]
[White "Alahakoon, Isuru"]
[Black "Bagrationi, Alexander"]
[WhiteFideId "9900993"]
[BlackFideId "14104954"]
[WhiteElo "2289"]
[BlackElo "2591"]
[Result "0-1"]
[Round "1"]
[TimeControl "180+1"]
[Date "2023.08.22"]
[WhiteClock "0:00:00"]
[BlackClock "0:00:26"]
[Board "183"]

1. Nf3 c5 2. c3 g6 3. d4 Bg7 4. e4 cxd4 5. cxd4 d5 6. exd5 Nf6 7. Bb5+ Nbd7 8. Nc3 O-O 9. O-O a6 10. Bd3 b5 11. Ne5 Nb6 12. Nc6 Qd6 13. Re1 Re8 14. Qf3 Nbxd5 15. Nxd5 Nxd5 16. Be4 Bg4 17. Qxg4 Qxc6 18. Qf3 e6 19. Bxd5 exd5 20. Be3 Re4 21. Rac1 Qe6 22. Rc7 Bxd4 23. h3 Bxb2 24. Re2 Be5 25. Rb7 f5 26. Rc2 Re8 27. g3 Rc4 28. Rxc4 bxc4 29. Bh6 c3 30. Qd3 Bf6 31. Kh2 d4 32. Qf3 Qe4 33. Kg2 Qxf3+ 34. Kxf3 d3 35. Rc7 d2 0-1


[Site "https://www.chess.com"]

[Event "Titled Tuesday Blitz August 22 Early 2023"]
[White "Jia, Haoxiang"]
[Black "Wimalasuriya, Kasun M."]
[WhiteFideId "8602999"]
[BlackFideId "9906789"]
[WhiteElo "2582"]
[BlackElo "2287"]
[Result "1-0"]
[Round "1"]
[TimeControl "180+1"]
[Date "2023.08.22"]
[WhiteClock "0:00:06"]
[BlackClock "0:00:12"]
[Board "184"]

1. d4 Nf6 2. Bf4 c5 3. d5 d6 4. Nc3 e5 5. dxe6 Bxe6 6. Nf3 Nc6 7. e4 Be7 8. Be2 O-O 9. O-O d5 10. Ng5 d4 11. Nb5 Bd7 12. Bf3 a6 13. Na3 h6 14. Nh3 Be6 15. Bg3 Qd7 16. Nf4 Ne5 17. Nxe6 Nxf3+ 18. Qxf3 Qxe6 19. Rfe1 Rfd8 20. b3 Rac8 21. Nc4 b5 22. Ne5 Bd6 23. Nd3 Bxg3 24. Qxg3 Nxe4 25. Qf4 f5 26. f3 Re8 27. fxe4 fxe4 28. Nf2 e3 29. Nd3 c4 30. bxc4 bxc4 31. Nb2 Rcd8 32. Rad1 Rf8 33. Qh4 e2 34. Rc1 d3 35. Qxc4 Qxc4 36. Nxc4 d2 37. Nxd2 Rxd2 38. a3 Rc8 39. c4 Rc5 40. Kf2 Ra2 41. Rxe2 Rxa3 42. Re6 Ra4 43. Re4 a5 44. Ke3 Ra2 45. Kd4 Rc7 46. c5 Ra4+ 47. Kd5 Rxe4 48. Kxe4 Kf7 49. Kd5 Ke7 50. Ra1 Ra7 51. Re1+ Kd7 52. c6+ Kc8 53. Kd6 Rf7 54. Re8# 1-0


[Site "https://www.chess.com"]

[Event "Titled Tuesday Blitz August 22 Early 2023"]
[White "Simonovic, Miroslav"]
[Black "Ribeiro, Matheus Mendes Domingues"]
[WhiteFideId "919152"]
[BlackFideId "324226923"]
[WhiteElo "2277"]
[BlackElo "2581"]
[Result "0-1"]
[Round "1"]
[TimeControl "180+1"]
[Date "2023.08.22"]
[WhiteClock "0:00:05"]
[BlackClock "0:00:12"]
[Board "185"]

1. d4 d5 2. Bg5 Nf6 3. Bxf6 exf6 4. c4 c6 5. cxd5 Qxd5 6. Nc3 Bb4 7. e3 O-O 8. Ne2 Bg4 9. Qd2 Bxc3 10. Nxc3 Qd7 11. Be2 Bxe2 12. Qxe2 Na6 13. a3 Nc7 14. Qc4 Rfe8 15. O-O Qe6 16. b3 h6 17. Rab1 a5 18. a4 Na6 19. Na2 Rab8 20. Rfc1 Rec8 21. b4 axb4 22. Nxb4 Nc7 23. g3 Ra8 24. Nd3 b5 25. Qxc6 bxa4 26. Qxe6 fxe6 27. Ra1 a3 28. Nc5 Na6 29. Rxa3 Nxc5 30. Rxa8 Rxa8 31. dxc5 e5 32. e4 Kf7 33. Kg2 Ke6 34. Rc2 Ra4 35. Kf3 Ra3+ 36. Ke2 Ra4 37. f3 g6 38. h4 h5 39. Rc3 Kd7 40. Ke3 Kc6 41. Kd3 Ra5 42. g4 Rxc5 43. Ra3 Rb5 44. Ra6+ Rb6 45. Rxb6+ Kxb6 46. gxh5 gxh5 47. Ke3 Kc5 48. f4 Kc4 49. fxe5 fxe5 50. Ke2 Kd4 51. Kf3 Kd3 52. Kf2 Kxe4 53. Ke2 Kf4 54. Kf2 Kg4 55. Ke3 Kxh4 56. Ke4 Kg3 57. Kxe5 h4 58. Kf5 h3 59. Kg5 h2 0-1


[Site "https://www.chess.com"]

[Event "Titled Tuesday Blitz August 22 Early 2023"]
[White "Kazmin_Semyon"]
[Black "Sariego Figueredo, Wilfredo"]
[BlackFideId "3500080"]
[WhiteElo "2580"]
[BlackElo "2276"]
[Result "1-0"]
[Round "1"]
[TimeControl "180+1"]
[Date "2023.08.22"]
[WhiteClock "0:01:34"]
[BlackClock "0:00:29"]
[Board "186"]

1. Nf3 c5 2. g3 d5 3. Bg2 Nf6 4. d3 g6 5. Nbd2 Bg7 6. O-O O-O 7. c3 Nc6 8. Re1 e5 9. e4 d4 10. Qc2 Re8 11. a4 Bd7 12. Nf1 Rc8 13. h3 Rc7 14. N1h2 Qc8 15. Bd2 Bxh3 16. Bh1 Ng4 17. Ng5 Nxh2 18. Kxh2 Bd7 19. f4 exf4 20. gxf4 c4 21. e5 cxd3 22. Qxd3 dxc3 23. Bxc3 Bf5 24. Qe3 Nd8 25. Rad1 b6 26. Bd5 Ne6 27. Nf3 Bh6 28. Bxe6 Bxe6 29. Kg3 Bf8 30. Rh1 Bc5 31. Qe2 Rd8 32. Ng5 h5 33. Ne4 Rxd1 34. Rxd1 Bg4 35. Nf6+ Kg7 36. Nxg4 hxg4 37. e6+ Kf8 38. exf7 Rxf7 39. Rh1 1-0


[Site "https://www.chess.com"]

[Event "Titled Tuesday Blitz August 22 Early 2023"]
[White "Tiarks, Jann-Christian"]
[Black "Dragomirescu, Robin-Alexandru"]
[WhiteFideId "12951595"]
[BlackFideId "1213849"]
[WhiteElo "2276"]
[BlackElo "2580"]
[Result "1-0"]
[Round "1"]
[TimeControl "180+1"]
[Date "2023.08.22"]
[WhiteClock "0:00:14"]
[BlackClock "0:00:00"]
[Board "187"]

1. e4 g6 2. d4 Nf6 3. e5 Nh5 4. c3 d6 5. exd6 Qxd6 6. Be2 Nf6 7. Nf3 c5 8. O-O Bg7 9. dxc5 Qxc5 10. Nbd2 O-O 11. Nb3 Qc7 12. Nbd4 a6 13. Re1 e5 14. Nb3 Nc6 15. Bg5 h6 16. Bh4 Nh5 17. Qd2 Nf4 18. Bf1 Bg4 19. Rad1 Bxf3 20. gxf3 f6 21. Bg3 Nh5 22. Qd7 Rac8 23. Nc5 Nd8 24. Ne6 Nxe6 25. Qxe6+ Qf7 26. Qb6 Rc6 27. Qb4 Kh7 28. b3 Qc7 29. Rd3 Rd8 30. Red1 Rxd3 31. Rxd3 f5 32. h3 Re6 33. Rd1 Nxg3 34. fxg3 e4 35. f4 Bxc3 36. Qc4 Rc6 37. Qd5 1-0


[Site "https://www.chess.com"]

[Event "Titled Tuesday Blitz August 22 Early 2023"]
[White "Suder, Jakub"]
[Black "Pavlidis, Anastasios"]
[WhiteFideId "1195310"]
[BlackFideId "4208404"]
[WhiteElo "2579"]
[BlackElo "2276"]
[Result "0-1"]
[Round "1"]
[TimeControl "180+1"]
[Date "2023.08.22"]
[WhiteClock "0:00:00"]
[BlackClock "0:00:21"]
[Board "188"]

1. d4 d5 2. c4 e6 3. Nc3 h6 4. cxd5 exd5 5. Qc2 Nf6 6. Bf4 c6 7. e3 Bd6 8. Bxd6 Qxd6 9. Bd3 Na6 10. Bxa6 bxa6 11. Nf3 O-O 12. O-O Bg4 13. Nd2 c5 14. dxc5 Qxc5 15. Rac1 Rac8 16. Nb3 Qe7 17. Nd4 Ne4 18. Nxd5 Qe5 19. Nc3 Ng5 20. Qd2 Qe7 21. Qd3 Rfd8 22. Qxa6 Rd6 23. Qd3 Rg6 24. Kh1 Qd7 25. f4 Ne6 26. h3 Nc5 27. Qb5 Bxh3 28. Qxd7 Bxg2+ 29. Kh2 Nxd7 30. Rg1 Bb7 31. Rxg6 fxg6 32. Rd1 Nf6 33. Kg3 Re8 34. Re1 Ne4+ 35. Nxe4 Bxe4 36. Rc1 Re7 37. Rc8+ Kf7 38. b4 Rb7 39. a3 g5 40. fxg5 hxg5 41. Kg4 Kg6 42. Rd8 Re7 43. Rd6+ Kh7 44. Kxg5 Bd3 45. Kf4 Re4+ 46. Kf3 Re7 47. b5 Be4+ 48. Kf4 Bb7 49. Re6 Rf7+ 50. Ke5 g5 51. Rf6 Re7+ 52. Ne6 g4 53. Kf4 Bf3 54. Ng5+ Kg7 55. Ra6 Bd1 56. a4 Rc7 57. a5 Rc4+ 58. e4 Rc2 59. Rxa7+ Kg6 60. Ra6+ Kh5 61. Ne6 Rf2+ 62. Kg3 Rf3+ 63. Kg2 Rf7 64. b6 Bf3+ 65. Kg3 Bxe4 66. Nf4+ Kg5 67. Ne2 Rf3+ 68. Kg2 Rb3+ 69. Kf2 Bd3 70. Nd4 Rb2+ 71. Ke3 Bxa6 72. Ne6+ Kf6 73. Nc7 g3 74. Nxa6 g2 75. Nc5 g1=Q+ 76. Ke4 Qxc5 0-1


[Site "https://www.chess.com"]

[Event "Titled Tuesday Blitz August 22 Early 2023"]
[White "Ruge, Edison"]
[Black "Mostbauer, Florian"]
[WhiteFideId "4401000"]
[BlackFideId "1626671"]
[WhiteElo "2270"]
[BlackElo "2577"]
[Result "1-0"]
[Round "1"]
[TimeControl "180+1"]
[Date "2023.08.22"]
[WhiteClock "0:00:52"]
[BlackClock "0:00:12"]
[Board "189"]

1. e4 c6 2. d3 d5 3. Nd2 e5 4. Ngf3 Bd6 5. g3 f5 6. Bg2 Nf6 7. Qe2 O-O 8. h3 Qc7 9. O-O Na6 10. c3 Bd7 11. b4 Rae8 12. Bb2 Qc8 13. Kh2 Nc7 14. a3 a6 15. Rae1 Rf7 16. Ng5 Rfe7 17. c4 Ne6 18. Nxe6 Bxe6 19. exd5 cxd5 20. c5 Bb8 21. Bxe5 Bf7 22. f4 Bxe5 23. fxe5 Rxe5 24. Qxe5 Rxe5 25. Rxe5 Qd7 26. Rfxf5 Qa4 27. Re7 Qxa3 28. Rxb7 h6 29. Rb8+ Kh7 30. Rb7 Qxd3 31. Rf2 Be6 32. Rxf6 Bc8 33. Rc7 Qxd2 34. Rff7 Bf5 35. Rxf5 Qxb4 36. Rxd5 Kg6 37. Rd6+ Kf5 38. Rf7+ Ke5 39. Re7+ Kf5 40. Be4+ Kg5 41. Rxg7+ Kh5 42. g4+ Kh4 43. Rxh6# 1-0


[Site "https://www.chess.com"]

[Event "Titled Tuesday Blitz August 22 Early 2023"]
[White "Ezat, Mohamed"]
[Black "Lacasa Diaz, Jose Antonio"]
[WhiteFideId "10600906"]
[BlackFideId "2203375"]
[WhiteElo "2577"]
[BlackElo "2270"]
[Result "1-0"]
[Round "1"]
[TimeControl "180+1"]
[Date "2023.08.22"]
[WhiteClock "0:00:09"]
[BlackClock "0:00:10"]
[Board "190"]

1. d4 d5 2. c4 e6 3. Nc3 c5 4. cxd5 exd5 5. Nf3 Nc6 6. g3 Nf6 7. Bg2 cxd4 8. Nxd4 Bc5 9. Nb3 Bb6 10. O-O d4 11. Na4 O-O 12. Nxb6 axb6 13. e3 d3 14. Bd2 Bg4 15. f3 Be6 16. Re1 Qd7 17. Bc3 Rfd8 18. Nd4 Nd5 19. Qxd3 Nxc3 20. bxc3 Bxa2 21. c4 Ne5 22. Qc3 Rdc8 23. Bf1 b5 24. c5 Bc4 25. f4 Bxf1 26. Rxa8 Rxa8 27. Rxf1 Nc4 28. e4 Ra3 29. Nb3 h5 30. Qd4 Qe7 31. Nd2 Nxd2 32. Qxd2 Qxc5+ 33. Kh1 Ra8 34. f5 Qe5 35. Qe3 Re8 36. Re1 b4 37. Kg2 Qb5 38. f6 gxf6 39. Qh6 Qg5 40. Qxg5+ fxg5 41. Kf3 Re5 42. Rb1 Rb5 43. Ke3 f6 44. Kd4 b3 45. Kc4 Rb6 46. Kc5 Re6 47. Kd5 Re5+ 48. Kd4 Rb5 49. Kc4 Rb6 50. Kc5 Rc6+ 51. Kd4 Re6 52. Kd5 b6 53. Kxe6 Kg7 54. Kf5 h4 55. Rxb3 1-0


[Site "https://www.chess.com"]

[Event "Titled Tuesday Blitz August 22 Early 2023"]
[White "Zampronha, Wladimir Camilo"]
[Black "Ganiev, Roman"]
[WhiteFideId "2103087"]
[BlackFideId "4131452"]
[WhiteElo "2268"]
[BlackElo "2576"]
[Result "0-1"]
[Round "1"]
[TimeControl "180+1"]
[Date "2023.08.22"]
[WhiteClock "0:00:00"]
[BlackClock "0:00:40"]
[Board "191"]

1. e4 c5 2. Nf3 d6 3. d4 cxd4 4. Nxd4 Nf6 5. Nc3 a6 6. Bg5 e6 7. f4 Be7 8. Qf3 Qc7 9. O-O-O Nbd7 10. g4 b5 11. Bxf6 Bxf6 12. g5 Be7 13. f5 Bxg5+ 14. Kb1 Ne5 15. Qh5 h6 16. Nxe6 Bxe6 17. fxe6 g6 18. Nd5 Qc5 19. exf7+ Kxf7 20. Qe2 Kg7 21. h4 Bd8 22. h5 g5 23. Bh3 Rf8 24. Rhf1 Qc4 25. Qg2 Qc5 26. Rxf8 Kxf8 27. Qf1+ Kg7 28. Qf5 Ra7 29. Rf1 Rf7 30. Qe6 Rxf1+ 31. Bxf1 Qf2 0-1


[Site "https://www.chess.com"]

[Event "Titled Tuesday Blitz August 22 Early 2023"]
[White "Golubev, Mikhail"]
[Black "San Thit Lwin"]
[WhiteFideId "14100983"]
[BlackFideId "13001272"]
[WhiteElo "2575"]
[BlackElo "2268"]
[Result "1-0"]
[Round "1"]
[TimeControl "180+1"]
[Date "2023.08.22"]
[WhiteClock "0:00:07"]
[BlackClock "0:00:00"]
[Board "192"]

1. e3 Nf6 2. Nf3 d5 3. c4 c6 4. Nc3 e6 5. b3 Bd6 6. Bb2 O-O 7. d4 Nbd7 8. Bd3 Re8 9. O-O e5 10. dxe5 Nxe5 11. Nxe5 Bxe5 12. h3 dxc4 13. Bxc4 Qxd1 14. Raxd1 Be6 15. Bxe6 Rxe6 16. Rd3 Rae8 17. Rfd1 h6 18. Kf1 Bxc3 19. Bxc3 Nd5 20. Bd2 f5 21. Re1 Kf7 22. f3 g5 23. Kf2 Kg6 24. b4 R8e7 25. b5 Nf6 26. Bb4 Rd7 27. Rxd7 Nxd7 28. Rd1 Nf6 29. a4 cxb5 30. axb5 Rb6 31. Bc5 Rxb5 32. Bxa7 Rb2+ 33. Kf1 Ra2 34. Bc5 b5 35. Rd6 Kf7 36. Bd4 Ne8 37. Rxh6 Nc7 38. Rb6 f4 39. exf4 gxf4 40. Rf6+ Ke7 41. Rxf4 Nd5 42. Re4+ Kf7 43. Bc5 b4 44. Bxb4 Nf6 45. Rd4 Kg6 46. Be1 Ne8 47. g4 Nf6 48. Bf2 Kf7 49. Kg2 Ke6 50. Kg3 Nd7 51. Re4+ Kf7 52. Be3 Nf6 53. Rf4 Kg6 54. Bd4 Nd5 55. Re4 Kf7 56. h4 Ne7 57. h5 Rc2 58. Rf4+ Ke6 59. Rf6+ 1-0


[Site "https://www.chess.com"]

[Event "Titled Tuesday Blitz August 22 Early 2023"]
[White "Juicy_Fork"]
[Black "Eynullayev, Altay"]
[BlackFideId "13413562"]
[WhiteElo "2267"]
[BlackElo "2574"]
[Result "1-0"]
[Round "1"]
[TimeControl "180+1"]
[Date "2023.08.22"]
[WhiteClock "0:00:07"]
[BlackClock "0:00:00"]
[Board "193"]

1. e4 c5 2. Nf3 d6 3. d4 cxd4 4. Nxd4 Nf6 5. Nc3 a6 6. Bd3 e5 7. Nde2 Be7 8. O-O O-O 9. h3 Be6 10. Be3 Nbd7 11. f4 exf4 12. Nxf4 Ne5 13. Qe2 Rc8 14. Rad1 Nfd7 15. Nfd5 Bg5 16. Kh1 Bxe3 17. Qxe3 Re8 18. Be2 Nc4 19. Bxc4 Rxc4 20. Nf4 Ne5 21. Rd2 Rc6 22. Rdf2 Qb6 23. Qg3 Qd8 24. Ncd5 Ng6 25. Nxe6 fxe6 26. Nf4 Nxf4 27. Qxf4 Qe7 28. e5 d5 29. Qg3 Rcc8 30. c3 Rf8 31. Qg4 Rxf2 32. Rxf2 Rf8 33. Rxf8+ Kxf8 34. Qf4+ Ke8 35. Qe3 Kd7 36. Qa7 Kc6 37. Qa8 Qd7 38. Qg8 h6 39. Qf8 Kb6 40. Qb4+ Ka7 41. Qc5+ b6 42. Qf8 Kb7 43. b3 Qc7 44. Qf4 b5 45. a4 bxa4 46. bxa4 a5 47. Qd4 1-0


[Site "https://www.chess.com"]

[Event "Titled Tuesday Blitz August 22 Early 2023"]
[White "NovoselovRoman"]
[Black "laimis61"]
[WhiteElo "2572"]
[BlackElo "2266"]
[Result "1/2-1/2"]
[Round "1"]
[TimeControl "180+1"]
[Date "2023.08.22"]
[WhiteClock "0:00:03"]
[BlackClock "0:00:46"]
[Board "194"]

1. e4 c5 2. Nc3 a6 3. a4 e6 4. Nf3 Nc6 5. d3 d6 6. g3 Nf6 7. Bg2 Be7 8. O-O O-O 9. h3 Qc7 10. Be3 b6 11. Ne2 Bb7 12. g4 d5 13. Ng3 dxe4 14. dxe4 Rad8 15. Qe2 Nd4 16. Nxd4 cxd4 17. Bg5 h6 18. Bxf6 Bxf6 19. Nh5 Be7 20. e5 Bxg2 21. Kxg2 g6 22. Ng3 a5 23. Rad1 Rd5 24. f4 Rc8 25. Rf2 Bh4 26. Rd3 Bxg3 27. Kxg3 Kg7 28. Qe4 Qd8 29. f5 gxf5 30. gxf5 Qg5+ 31. Kh2 Kh8 32. Rg3 Qh5 33. fxe6 fxe6 34. Rf6 d3 35. Rgg6 Rxc2+ 36. Kg3 Qxe5+ 37. Qxe5 Rxe5 38. Rxh6+ Kg7 39. Rhg6+ Kh7 40. Rh6+ Kg7 41. Rhg6+ Kh7 42. Rh6+ Kg7 1/2-1/2


[Site "https://www.chess.com"]

[Event "Titled Tuesday Blitz August 22 Early 2023"]
[White "Hoffmann, Asa"]
[Black "Garakov, Mikhael"]
[WhiteFideId "2001470"]
[BlackFideId "4169034"]
[WhiteElo "2265"]
[BlackElo "2571"]
[Result "0-1"]
[Round "1"]
[TimeControl "180+1"]
[Date "2023.08.22"]
[WhiteClock "0:00:55"]
[BlackClock "0:00:17"]
[Board "195"]

1. d4 c5 2. dxc5 Na6 3. e4 Nxc5 4. Nc3 e6 5. Be3 Nf6 6. f3 Qc7 7. Qd2 a6 8. O-O-O b5 9. Kb1 b4 10. Nce2 Rb8 11. Bf4 e5 12. Bg5 d6 13. Nc1 Be6 14. Nb3 Nfd7 15. Ne2 a5 16. Nec1 a4 17. Nxc5 Nxc5 18. Be2 b3 19. cxb3 axb3 20. a3 h6 21. Bh4 Rc8 22. Nd3 g5 23. Bf2 Be7 24. Rc1 O-O 25. Nxc5 dxc5 26. Bc4 Qb6 27. Qc3 Bxc4 28. Qxc4 Rfd8 29. h4 Rd2 30. Be3 Rxg2 31. hxg5 Bxg5 32. Bxg5 hxg5 33. Rcg1 Rxg1+ 34. Rxg1 Qf6 35. Qxb3 Kg7 36. Qe3 Kg6 37. Rc1 c4 38. Qe2 Qf4 39. Rc3 Rd8 40. Qxc4 Rd2 41. a4 Qh2 42. Rb3 Qg1+ 43. Ka2 Rd1 44. Rb6+ Kg7 45. Qc3 Qxb6 46. Qxe5+ Qf6 47. Qxf6+ Kxf6 48. a5 Ke5 49. b4 Kd4 50. Kb3 Rb1+ 51. Ka4 Kc4 52. b5 Rxb5 53. a6 Rb1 54. Ka5 Kc5 0-1


[Site "https://www.chess.com"]

[Event "Titled Tuesday Blitz August 22 Early 2023"]
[White "Zheng, Richard"]
[Black "Kaminski, Victor"]
[WhiteFideId "2624893"]
[BlackFideId "1131630"]
[WhiteElo "2570"]
[BlackElo "2261"]
[Result "1-0"]
[Round "1"]
[TimeControl "180+1"]
[Date "2023.08.22"]
[WhiteClock "0:00:06"]
[BlackClock "0:00:00"]
[Board "196"]

1. d4 Nf6 2. Bg5 c5 3. d5 e6 4. dxe6 fxe6 5. e3 d5 6. Nf3 Nc6 7. c4 Be7 8. Nbd2 O-O 9. Be2 h6 10. Bh4 d4 11. exd4 cxd4 12. Bd3 e5 13. O-O Bg4 14. h3 Bh5 15. Qe1 Bd6 16. Bg3 Bb4 17. Nxe5 Nxe5 18. Bxe5 Re8 19. Bxf6 Qxf6 20. Ne4 Qf8 21. Qc1 Bg6 22. Qc2 Kh8 23. a3 Ba5 24. b4 Bc7 25. Nd2 Bh5 26. Ne4 Bg6 27. Ng3 Bf7 28. Rae1 Qd6 29. c5 Qf6 30. Bc4 Bg6 31. Bd3 Bf7 32. Re4 Bd5 33. Re2 Rxe2 34. Qxe2 Rf8 35. Ne4 Qe5 36. Ng3 Qf6 37. Nf5 Qg5 38. Ng3 1-0


[Site "https://www.chess.com"]

[Event "Titled Tuesday Blitz August 22 Early 2023"]
[White "Ai, Evan"]
[Black "Ismagilov, Damir"]
[WhiteFideId "2094770"]
[BlackFideId "34199982"]
[WhiteElo "2258"]
[BlackElo "2567"]
[Result "0-1"]
[Round "1"]
[TimeControl "180+1"]
[Date "2023.08.22"]
[WhiteClock "0:00:02"]
[BlackClock "0:00:23"]
[Board "197"]

1. e4 c5 2. Nf3 d6 3. d4 cxd4 4. Nxd4 Nf6 5. Nc3 a6 6. f3 e6 7. Be3 h5 8. Qd2 Be7 9. a4 Qc7 10. a5 Nbd7 11. Be2 b5 12. axb6 Nxb6 13. O-O Bb7 14. b3 O-O 15. Na4 Nxa4 16. Rxa4 d5 17. e5 Nd7 18. f4 Nc5 19. Raa1 Ne4 20. Qe1 h4 21. Bf3 a5 22. Bxe4 dxe4 23. Ra4 Ba6 24. c4 Bb7 25. Nb5 Qd8 26. Qe2 Qd3 27. Qxd3 exd3 28. Rd1 Be4 29. Bd2 Bc5+ 30. Kf1 f6 31. Nc7 h3 32. gxh3 Bf3 33. Re1 Be2+ 34. Kg2 fxe5 35. Nxa8 exf4 36. Bxf4 Rxf4 37. Rxa5 Bb4 38. Raa1 Bxe1 39. Rxe1 d2 0-1


[Site "https://www.chess.com"]

[Event "Titled Tuesday Blitz August 22 Early 2023"]
[White "Yurovskykh, Oleksandr"]
[Black "Fajdetic, Hrvoje"]
[WhiteFideId "14134020"]
[BlackFideId "14501945"]
[WhiteElo "2566"]
[BlackElo "2258"]
[Result "1-0"]
[Round "1"]
[TimeControl "180+1"]
[Date "2023.08.22"]
[WhiteClock "0:00:53"]
[BlackClock "0:00:01"]
[Board "198"]

1. d4 e6 2. Nf3 f5 3. Bf4 Nf6 4. e3 d6 5. h3 Be7 6. Be2 Nc6 7. O-O O-O 8. c4 Qe8 9. Nc3 Ne4 10. Qc2 Nxc3 11. Qxc3 Bf6 12. Bh2 e5 13. Rfe1 e4 14. Nd2 a5 15. b3 Qg6 16. Kh1 Bh4 17. Rf1 Bf6 18. Bf4 Qf7 19. a3 g5 20. Bh2 Qg6 21. b4 Bd7 22. b5 Ne7 23. c5 Rac8 24. cxd6 cxd6 25. Qxa5 Bg7 26. Rac1 Kh8 27. Qb6 f4 28. Qxb7 Rxc1 29. Rxc1 fxe3 30. fxe3 Rd8 31. Rc7 Qf5 32. Bg4 Qf2 33. Rxd7 Rxd7 34. Qxd7 Ng8 35. Qe8 1-0


[Site "https://www.chess.com"]

[Event "Titled Tuesday Blitz August 22 Early 2023"]
[White "Slavin, Alexey"]
[Black "Wartiovaara, Oliver"]
[WhiteFideId "24104388"]
[BlackFideId "513024"]
[WhiteElo "2255"]
[BlackElo "2565"]
[Result "0-1"]
[Round "1"]
[TimeControl "180+1"]
[Date "2023.08.22"]
[WhiteClock "0:00:00"]
[BlackClock "0:01:51"]
[Board "199"]

1. e4 c5 2. g3 g6 3. Bg2 Bg7 4. Ne2 e6 5. O-O Ne7 6. Nbc3 O-O 7. a3 Nbc6 8. Rb1 d5 9. exd5 Nxd5 10. Nxd5 exd5 11. b4 b6 12. Nf4 Ne7 13. c4 Bf5 14. d3 dxc4 15. Bxa8 Qxa8 16. Bb2 cxd3 17. bxc5 bxc5 18. Bxg7 Kxg7 19. Re1 Nd5 20. Nxd3 Nc3 21. Qb3 Nxb1 22. Rxb1 Rd8 23. Rd1 Qf3 24. Qc3+ Kg8 25. Re1 Bh3 0-1


[Site "https://www.chess.com"]

[Event "Titled Tuesday Blitz August 22 Early 2023"]
[White "Megalios, Konstantinos"]
[Black "Rodriguez Santiago, Jaime"]
[WhiteFideId "4238044"]
[BlackFideId "3100898"]
[WhiteElo "2565"]
[BlackElo "2255"]
[Result "1-0"]
[Round "1"]
[TimeControl "180+1"]
[Date "2023.08.22"]
[WhiteClock "0:00:14"]
[BlackClock "0:00:01"]
[Board "200"]

1. d4 Nf6 2. Nf3 d5 3. Bf4 c5 4. e3 Nc6 5. Nbd2 e6 6. c3 cxd4 7. exd4 Nh5 8. Bg5 f6 9. Bh4 Bd6 10. Bb5 Qb6 11. c4 dxc4 12. a4 O-O 13. O-O Nxd4 14. Nxc4 Nxf3+ 15. Qxf3 Bxh2+ 16. Kxh2 Qc7+ 17. Kg1 a6 18. Qxh5 g6 19. Qe2 axb5 20. axb5 Rxa1 21. Rxa1 e5 22. b3 Be6 23. Rc1 Rd8 24. Qe3 Qf7 25. Bg3 Rd4 26. Qc3 Qd7 27. f3 Rd1+ 28. Rxd1 Qxd1+ 29. Kh2 Kg7 30. Qb4 Kh6 31. Qe7 1-0


[Site "https://www.chess.com"]

[Event "Titled Tuesday Blitz August 22 Early 2023"]
[White "Schut, Han"]
[Black "Goltseva, Ekaterina"]
[WhiteFideId "1005561"]
[BlackFideId "24173770"]
[WhiteElo "2253"]
[BlackElo "2564"]
[Result "0-1"]
[Round "1"]
[TimeControl "180+1"]
[Date "2023.08.22"]
[WhiteClock "0:00:30"]
[BlackClock "0:00:44"]
[Board "201"]

1. e4 e6 2. d4 d5 3. e5 c5 4. c3 Qa5 5. Qd2 Nc6 6. Nf3 cxd4 7. cxd4 Bb4 8. Nc3 Nh6 9. Bd3 Nf5 10. Bxf5 exf5 11. O-O Be6 12. Qg5 Be7 13. Qxg7 O-O-O 14. Qh6 Rhg8 15. a3 Qb6 16. Qd2 Rg4 17. h3 Re4 18. Nxe4 dxe4 19. Ng5 Nxd4 20. Qe3 f4 21. Qc3+ Kb8 22. Kh1 Bxg5 23. g4 h5 24. gxh5 Rh8 25. Rg1 Rxh5 26. Rxg5 Rxh3+ 27. Kg1 Rxc3 28. bxc3 Nf3+ 0-1


[Site "https://www.chess.com"]

[Event "Titled Tuesday Blitz August 22 Early 2023"]
[White "Shukhman, Anna"]
[Black "Zaichenko, Daria"]
[WhiteFideId "54180058"]
[BlackFideId "4197453"]
[WhiteElo "2563"]
[BlackElo "2252"]
[Result "1-0"]
[Round "1"]
[TimeControl "180+1"]
[Date "2023.08.22"]
[WhiteClock "0:02:22"]
[BlackClock "0:00:16"]
[Board "202"]

1. e4 c5 2. Nf3 Nc6 3. Bb5 g6 4. O-O Bg7 5. c3 Nf6 6. Re1 O-O 7. h3 Ne8 8. d4 cxd4 9. cxd4 Nc7 10. Bxc6 dxc6 11. Nc3 Be6 12. Bf4 Bc4 13. Qd2 Ne6 14. Be3 Qd7 15. b3 Ba6 16. Rad1 Rad8 17. d5 cxd5 18. exd5 Nc7 19. Bd4 f6 20. Bxa7 b5 21. Bb6 b4 22. Na4 Qd6 23. Bc5 Qxd5 24. Bxe7 Qxd2 25. Nxd2 Rd5 26. Bxf8 Kxf8 27. Ne4 Rxd1 28. Rxd1 f5 29. Nec5 Be2 30. Rd7 Be5 31. Rxc7 Bxc7 32. Ne6+ Ke7 33. Nxc7 Kd6 34. Na8 Kd5 35. f3 Kd4 36. Kf2 Bb5 37. Nc7 Bxa4 38. bxa4 Kc3 39. Na6 Kb2 40. Nxb4 Ka3 41. a5 Kxb4 42. a6 1-0


[Site "https://www.chess.com"]

[Event "Titled Tuesday Blitz August 22 Early 2023"]
[White "Fernandez Hernandez, Gerardo"]
[Black "Ibadov, Dashgyn"]
[WhiteFideId "2207400"]
[BlackFideId "24107514"]
[WhiteElo "2249"]
[BlackElo "2562"]
[Result "0-1"]
[Round "1"]
[TimeControl "180+1"]
[Date "2023.08.22"]
[WhiteClock "0:00:00"]
[BlackClock "0:01:09"]
[Board "203"]

1. e4 e5 2. Nf3 Nc6 3. Bc4 Nf6 4. Ng5 d5 5. exd5 Na5 6. Bb5+ c6 7. dxc6 bxc6 8. Bd3 Nd5 9. Nf3 Bd6 10. O-O Nf4 11. Re1 Nxd3 12. cxd3 O-O 13. Nxe5 c5 14. b4 cxb4 15. Bb2 Qg5 16. Qa4 Bb7 17. f3 Bc7 18. Qd7 Bb6+ 19. d4 Rad8 20. Nxf7 Rxf7 21. Re8+ Rxe8 22. Qxe8+ Rf8 23. Qe6+ Kh8 24. a3 Bxf3 25. g3 Bd5 26. Qe3 Qf5 27. Nc3 bxc3 28. Bxc3 Nc4 29. Qf4 Qc8 30. Qh4 Bb7 31. Rf1 Rxf1+ 32. Kxf1 Qf5+ 33. Kg1 Qf3 0-1


[Site "https://www.chess.com"]